 Dungeon Crawl Stone Soup version 0.31.0-9-g3a7656b989 (webtiles) character file.

Game seed: 9644972308760909022

805 qw the Skirmisher (level 7, -3/40 HPs)
             Began as a Deep Elf Hunter on Feb 2, 2024.
             Incinerated by a bombardier beetle (4 damage)
             ... with a burning spray
             ... on level 6 of the Dungeon.
             The game lasted 00:00:21 (4530 turns).

qw the Skirmisher (Deep Elf Hunter)                 Turns: 4530, Time: 00:00:21

Health: -3/40      AC:  8    Str: 16    XL:     7   Next: 60%
Magic:  9/9        EV: 13    Int: 14    God:
Gold:   295        SH:  0    Dex: 18    Spells: 6/6 levels left

rFire   . . .        a - +1 shortbow
rCold   . . .        (shield currently unavailable)
rNeg    . . .        g - +0 ring mail
rPois   .            d - +0 helmet
rElec   .            (no cloak)
rCorr   .            m - +1 pair of gloves
SInv    .            (no boots)
Will    .....        l - amulet of faith
Stlth   +            f - +6 ring of strength
HPRegen 0.26/turn    (no ring)
MPRegen 0.11/turn

%: faith
@: on fire, glowing
A: no striking features
a: no special abilities


You were on level 6 of the Dungeon.
You visited 1 branch of the dungeon, and saw 6 of its levels.

You collected 295 gold pieces.


   Skills:
 - Level 2.1 Fighting
 + Level 11.0 Ranged Weapons
 - Level 1.7 Armour
 - Level 4.2 Dodging
 - Level 1.2 Stealth


You had 6 spell levels left.
You didn't know any spells.
Your spell library was empty.

Inventory:

Hand Weapons
 a - a +1 shortbow (weapon)
Armour
 d - a +0 helmet (worn)
 g - a +0 ring mail (worn)
 m - a +1 pair of gloves (worn)
Jewellery
 f - a +6 ring of strength (left hand)
 l - an amulet of faith (around neck)
Wands
 e - a wand of roots (7)
Scrolls
 i - 4 scrolls of teleportation
Potions
 h - a potion of curing
 j - a potion of resistance
 k - a potion of heal wounds
 n - a potion of mutation

Dungeon Overview and Level Annotations

Branches:
Dungeon (6/15)
 Temple: D:4-7

Altars:
Gozag
Sif Muna
Trog
Uskayaw
Zin
The Shining One


Message History

You see here an iguana corpse.
You open the door.
A bombardier beetle comes into view.
You shoot an arrow. The arrow hits the bombardier beetle.
The bombardier beetle is moderately wounded.
The bombardier beetle sprays incendiary fluid at you.
The burning spray hits you.
You are covered in liquid fire!
You shoot an arrow. The arrow hits the bombardier beetle.
The bombardier beetle is severely wounded.
The liquid fire burns you!
You shoot an arrow.
The arrow hits the bombardier beetle but does no damage.
The bombardier beetle is severely wounded.
The liquid fire burns you!
You shoot an arrow. The arrow hits the bombardier beetle!
You kill the bombardier beetle!
The liquid fire burns you!
Your Dodging skill increases to level 4!
You are on fire!
The liquid fire burns you!
You are on fire!
The liquid fire burns you!
You are on fire!
The liquid fire burns you!
You are on fire!
The liquid fire burns you!
You are on fire!
The liquid fire burns you!
You are on fire!
The liquid fire burns you!
You are on fire!
The liquid fire burns you!
You are on fire!
The liquid fire burns you!
You are on fire!
The liquid fire burns you!
You are on fire!
The liquid fire burns you!
You die...

#.. #..# +..# #... #..#
#..# #....#..######.#
#....#..@'......
#....#...#......
####....##.## #..##
.........#.##########
..............#...........
..............#...........
..............#...........
..............###.########
......######....#%##..#


There were no monsters in sight!

Vanquished Creatures
  An ice beast (D:5)
  A bullfrog (D:5)
  2 bombardier beetles
  A hound (D:5)
  4 orc priests
  2 sleepcaps (D:5)
  4 iguanas
  Natasha (thrice) (D:2)
  9 adders
  3 ribbon worms
  3 dart slugs
  13 orcs
  12 ball pythons
  6 bats
  7 endoplasms
  6 giant cockroaches
  6 goblins
  12 hobgoblins
  A jackal (D:1)
  6 quokkas
  4 frilled lizards
  6 kobolds
  2 rats
114 creatures vanquished.

Notes
Turn   | Place    | Note
-------+----------+-------------------------------------------
     0 | D:1      | qw the Deep Elf Hunter began the quest for the Orb.
     0 | D:1      | Reached XP level 1. HP: 12/12 MP: 3/3
     0 | D:1      | 0 ||| qw: Version: 0.3-a-155-g5e7d8dd
     0 | D:1      | 0 ||| qw: Game counter: 735
     0 | D:1      | 0 ||| qw: Melee chars always use a shield: true
     0 | D:1      | 0 ||| qw: God list: Okawaru
     0 | D:1      | 0 ||| qw: Allow faded altars: false
     0 | D:1      | 0 ||| qw: Do Orc after clearing Dungeon:15 true
     0 | D:1      | 0 ||| qw: Do second Lair branch before Depths: true
     0 | D:1      | 0 ||| qw: Lair rune preference: random
     0 | D:1      | 0 ||| qw: Goals: Normal
     0 | D:1      | 0 ||| PLANNING D:1-11
   165 | D:1      | Reached skill level 6 in Ranged Weapons
   165 | D:1      | Reached XP level 2. HP: 16/16 MP: 4/4
   442 | D:1      | Reached XP level 3. HP: 20/20 MP: 5/5
   735 | D:1      | 735 ||| READING scroll labelled PIL SAALUTUMA.
   736 | D:1      | 736 ||| READING scroll labelled HAVVIO QIDGHELU.
   837 | D:1      | 837 ||| READING scroll labelled FOUJYQ DOVE.
   938 | D:1      | 938 ||| READING scroll labelled SACUVO EFEE.
   943 | D:1      | 943 ||| DROPPING scroll of butterflies.
  1164 | D:2      | Reached skill level 7 in Ranged Weapons
  1226 | D:2      | Noticed Natasha
  1235 | D:2      | Killed Natasha
  1236 | D:2      | Reached XP level 4. HP: 15/25 MP: 6/6
  1244 | D:2      | HP: 6/25 [poisoned by an adder]
  1403 | D:2      | Noticed Natasha
  1407 | D:2      | Killed Natasha
  1408 | D:2      | Reached skill level 8 in Ranged Weapons
  1615 | D:2      | Noticed Natasha
  1622 | D:2      | Killed Natasha
  1623 | D:2      | Reached XP level 5. HP: 23/29 MP: 7/7
  1800 | D:2      | 1800 ||| UPGRADING to +0 helmet.
  1805 | D:2      | 1805 ||| DROPPING amulet of magic regeneration.
  1806 | D:2      | 1806 ||| UPGRADING to +6 ring of strength.
  1807 | D:2      | 1807 ||| READING scroll labelled ZECSAO KEBB.
  1808 | D:2      | 1808 ||| READING scroll labelled FIANOGH FOWNI.
  1810 | D:2      | 1810 ||| Stepping ~*~*~tactically~*~*~ (cloud).
  1933 | D:3      | 1933 ||| STAIRDANCE
  1957 | D:3      | Found a glowing golden altar of the Shining One.
  2083 | D:3      | Reached skill level 3 in Dodging
  2268 | D:3      | Found a faded altar of an unknown god.
  2390 | D:3      | Found a shimmering blue altar of Sif Muna.
  2467 | D:3      | Found a hide-covered altar of Uskayaw.
  2549 | D:3      | 2549 ||| READING scroll labelled AGRYNE MASHY.
  2549 | D:3      | 2549 ||| ENCHANTING +0 shortbow.
  2550 | D:3      | 2550 ||| READING scroll labelled OCRESK FUFIRA.
  2550 | D:3      | 2550 ||| IDENTIFYING emerald potion
  2551 | D:3      | 2551 ||| DRINKING 2 green potions.
  2552 | D:3      | 2552 ||| DROPPING potion of invisibility.
  2696 | D:4      | Found a bloodstained altar of Trog.
  2739 | D:4      | Reached skill level 9 in Ranged Weapons
  2787 | D:4      | Found a glowing silver altar of Zin.
  2813 | D:4      | Found an opulent altar of Gozag.
  3069 | D:4      | 3069 ||| UPGRADING to +0 ring mail.
  3079 | D:4      | 3079 ||| DROPPING +0 leather armour.
  3080 | D:4      | 3080 ||| UPGRADING to +0 pair of gloves.
  3085 | D:4      | 3085 ||| UPGRADING to amulet of faith.
  3090 | D:4      | 3090 ||| DROPPING +6 ring of intelligence.
  3091 | D:4      | 3091 ||| READING 2 scrolls of identify.
  3091 | D:4      | 3091 ||| IDENTIFYING sedimented grey potion
  3092 | D:4      | 3092 ||| READING scroll of identify.
  3092 | D:4      | 3092 ||| IDENTIFYING cyan potion
  3093 | D:4      | 3093 ||| READING scroll labelled OPANA WEUDGH.
  3093 | D:4      | 3093 ||| ENCHANTING +0 pair of gloves.
  3094 | D:4      | 3094 ||| DRINKING 2 viscous black potions.
  3122 | D:5      | Entered Level 5 of the Dungeon
  3141 | D:5      | Noticed an ice beast
  3154 | D:5      | Killed an ice beast
  3155 | D:5      | Reached skill level 1 in Armour
  3155 | D:5      | Reached XP level 6. HP: 26/35 MP: 8/8
  3173 | D:5      | 3173 ||| RETREEEEATING.
  3174 | D:5      | 3174 ||| RETREEEEATING.
  3176 | D:5      | 3176 ||| RETREEEEATING.
  3178 | D:5      | 3178 ||| RETREEEEATING.
  3429 | D:5      | Reached skill level 10 in Ranged Weapons
  3745 | D:5      | Reached XP level 7. HP: 30/40 MP: 9/9
  4108 | D:5      | 4108 ||| FLEEEEING.
  4109 | D:5      | 4109 ||| FLEEEEING.
  4110 | D:5      | 4110 ||| FLEEEEING.
  4116 | D:5      | Reached skill level 11 in Ranged Weapons
  4156 | D:5      | 4156 ||| FLEEEEING.
  4157 | D:5      | 4157 ||| FLEEEEING.
  4158 | D:5      | 4158 ||| FLEEEEING.
  4159 | D:5      | 4159 ||| FLEEEEING.
  4160 | D:5      | 4160 ||| FLEEEEING.
  4162 | D:5      | 4162 ||| FLEEEEING.
  4163 | D:5      | 4163 ||| FLEEEEING.
  4164 | D:5      | 4164 ||| FLEEEEING.
  4165 | D:5      | 4165 ||| FLEEEEING.
  4166 | D:5      | 4166 ||| FLEEEEING.
  4167 | D:5      | 4167 ||| FLEEEEING.
  4168 | D:5      | 4168 ||| FLEEEEING.
  4169 | D:5      | 4169 ||| FLEEEEING.
  4170 | D:5      | 4170 ||| FLEEEEING.
  4171 | D:5      | 4171 ||| FLEEEEING.
  4172 | D:5      | 4172 ||| FLEEEEING.
  4173 | D:5      | 4173 ||| FLEEEEING.
  4174 | D:5      | 4174 ||| FLEEEEING.
  4175 | D:5      | 4175 ||| FLEEEEING.
  4176 | D:5      | 4176 ||| FLEEEEING.
  4177 | D:5      | 4177 ||| FLEEEEING.
  4178 | D:5      | 4178 ||| FLEEEEING.
  4179 | D:5      | 4179 ||| FLEEEEING.
  4180 | D:5      | 4180 ||| FLEEEEING.
  4181 | D:5      | 4181 ||| FLEEEEING.
  4182 | D:5      | 4182 ||| FLEEEEING.
  4183 | D:5      | 4183 ||| FLEEEEING.
  4184 | D:5      | 4184 ||| FLEEEEING.
  4185 | D:5      | 4185 ||| STAIRDANCE
  4202 | D:4      | 4202 ||| READING 2 scrolls of identify.
  4202 | D:4      | 4202 ||| IDENTIFYING pink potion
  4203 | D:4      | 4203 ||| READING scroll of identify.
  4203 | D:4      | 4203 ||| IDENTIFYING scroll labelled SURAINO ATSIA
  4204 | D:4      | 4204 ||| READING scroll labelled ECKAIJUALU.
  4205 | D:4      | 4205 ||| DROPPING potion of attraction.
  4206 | D:4      | 4206 ||| DROPPING scroll of fog.
  4209 | D:5      | 4209 ||| STAIRDANCE
  4261 | D:5      | 4261 ||| STAIRDANCE
  4527 | D:6      | HP: 9/40 [burnt (2)]
  4529 | D:6      | HP: 1/40 [burnt (5)]
  4530 | D:6      | Incinerated by a bombardier beetle

Levels and vault maps discovered:
D:1:      tarquinn_simple_flora_water_e, layout_loops_ring, serial_forest,
          infiniplex_forest_lined_4_way, infiniplex_forest_lined_room_,
          infiniplex_forest_straight_4, infiniplex_forest_lined_2,
          infiniplex_forest_lined_room_3, infiniplex_forest_clump_diagonal,
          infiniplex_forest_lined_4_way, minmay_gold_behind_fungi, st_stairs_10
D:2:      layout_basic, minmay_surrounded, uniq_natasha
D:3:      layout_rooms, old_standard_altar, old_standard_altar,
          lemuel_coloured_pillars_altar, shapermc_ecumenical_altar_hornbeckon,
          bh_walls_and_bars
D:4:      layout_cave_pools, overflow_temple_1_default,
          nicolae_overflow_crystal_walls, grunt_gozag_breadcrumbs,
          hangedman_decor_slide_cut, hangedman_abyss_or_decor_lesser_grid,
          grunt_ministairs_3, minmay_bent
D:5:      layout_cave_pods
D:6:      layout_gridville, marbit_many_paths, temple_statues

Skill      XL: |  1  2  3  4  5  6  7 |
---------------+----------------------+-----
Ranged Weapons | 6 7 8 9 10 11 | 11.0
Dodging        | 3 4 |  4.2
Fighting       | 2 |  2.1
Armour         | 1 |  1.7
Stealth        | |  1.2

Action                     |  1- 3 |  4- 6 |  7- 9 || total
---------------------------+-------+-------+-------++-------
   Fire: Shortbow          |    83 |   263 |    75 ||   421
    Use: Scroll            |     4 |     7 |     3 ||    14
         Potion            |       |     2 |       ||     2
 Armour: Leather armour    |    23 |    28 |       ||    51
         Ring mail         |       |    35 |    20 ||    55
  Dodge: Dodged            |    21 |    71 |    19 ||   111

Table legend:
 A = Non-vault XP
 B = Vault XP
 C = Vault XP percentage of total XP
 D = Non-vault monster count
 E = Vault monster count
 F = Vault count percentage of total count
                 A         B        C        D         E       F
            +---------+---------+-------+---------+---------+-------
      Total |    1062 |      88 |   7.7 |      96 |      18 |  15.8
            +---------+---------+-------+---------+---------+-------
        D:1 |      38 |       5 |  11.6 |      19 |       4 |  17.4
        D:2 |     114 |      55 |  32.5 |      13 |       5 |  27.8
        D:3 |      47 |       0 |   0.0 |      20 |       0 |   0.0
        D:4 |     135 |      28 |  17.2 |      18 |       9 |  33.3
        D:5 |     643 |       0 |   0.0 |      24 |       0 |   0.0
        D:6 |      85 |       0 |   0.0 |       2 |       0 |   0.0
            +---------+---------+-------+---------+---------+-------
